 Dungeon Crawl Stone Soup version 0.18.1-6-gd335043 (webtiles) character file.

63 mopl the Sneak (level 3, -3/25 HPs)
             Began as a Vampire Transmuter on May 16, 2016.
             Was an Initiate of Ashenzari.
             Slain by a worm (12 damage)
             ... on level 2 of the Dungeon.
             The game lasted 00:03:05 (2313 turns).

mopl the Sneak (Vampire Transmuter)                 Turns: 2313, Time: 00:03:07

Health: -3/25      AC:  3    Str:  9    XL:     3   Next: 89%
Magic:  6/6        EV: 12    Int: 15    God:    Ashenzari [......]
Gold:   41         SH:  0    Dex: 15    Spells: 2 memorised, 3 levels left

rFire  . . .     SeeInvis +     l - +2 short sword (venom)
rCold  + . .     Gourm    .     b - +0 robe
rNeg   + + .     Faith    .     (no shield)
rPois  +         Spirit   .     (no helmet)
rElec  .         Dismiss  .     k - +0 cloak
rCorr  .         Reflect  .     (no gloves)
SustAt .         Harm     .     (no boots)
MR     .....                    (no amulet)
Stlth  +++.......               (no ring)
                                (no ring)

@: regenerating slowly, not resistant to hostile enchantments, fairly stealthy
A: fangs 3, see invisible, unbreathing
a: Bat Form, Curse Item, Renounce Religion


You were on level 2 of the Dungeon.
You worshipped Ashenzari.
Ashenzari was noncommittal.
You were thirsty.

You visited 1 branch of the dungeon, and saw 2 of its levels.

You collected 41 gold pieces.

Inventory:

Hand Weapons
 l - a +2 short sword of venom (weapon)
Missiles
 a - 9 arrows
Armour
 b - a +0 robe (worn)
 k - a +0 cloak (worn)
Scrolls
 g - a scroll of identify {unknown}
Potions
 d - a potion of agility {unknown}
 f - a potion of heal wounds {unknown}
 j - a potion of curing {unknown}
 m - 3 potions of blood
Books
 c - a book of Changes

   Spells                             Type                      Level
   a - Beastly Appendage              Transmutation                1
   b - Sticks to Snakes               Transmutation                2
   c - Spider Form                    Transmutation/Poison         3
   d - Ice Form                       Ice/Transmutation            4
   e - Blade Hands                    Transmutation                5


   Skills:
 - Level 0.8 Fighting
 + Level 2.6 Short Blades
 - Level 2.1 Dodging
 + Level 4.0 Stealth
 - Level 3.2 Unarmed Combat
 - Level 2.0 Spellcasting
 - Level 2.1 Transmutations


You had 3 spell levels left.
You knew the following spells:

 Your Spells              Type           Power        Failure   Level  Hunger
a - Beastly Appendage     Trmt           #.....       12%         1    #......
w - Sticks to Snakes      Trmt           #.......     14%         2    ###....


Dungeon Overview and Level Annotations

Branches:
Dungeon (2/15)

Altars:
Ashenzari


Innate Abilities, Weirdness & Mutations

You heal slowly.
You have razor-sharp teeth.
You have supernaturally acute eyesight.
You can survive without breathing.


Message History

You see here a potion of blood.
Things that are here:
an uncursed robe; 7 gold pieces There isn't anything to bottle or butcher here.
Okay, then.
You now have 41 gold pieces (gained 7).
You see here a potion of blood.
m - 3 potions of blood (gained 1)
You start resting.
You hit the worm but do no damage.
The worm is poisoned.
You hit the worm.
The worm looks even sicker.
The worm is moderately wounded.
The worm bites you!
You are too injured to fight recklessly!
You are too injured to fight recklessly!
You are too injured to fight recklessly!
You hit the worm. You bite the worm, but do no damage.
The worm is moderately wounded.
The worm bites you!
You die...

############ #...........##
#.#########... ############.#
#.<# #...%........#########..#
#.######............##..#
##.######@##########.##..#
.#.>w..[.#w##########.##...
#.............(.............#
#......###################.###
........# ######.### ##......#
### #..>....). ##...#.. ..#
#.####.### ##.#### #.#
######.####.# #. #.#
#........##.#


You could see a worm.

Vanquished Creatures
  An adder (D:2)
  An ooze (D:1)
  A worm (D:2)
  3 dart slugs (D:1)
  2 giant cockroaches (D:2)
  7 goblins
  7 hobgoblins
  A jackal (D:2)
  2 quokkas (D:2)
  A ball python (D:2)
  A bat (D:1)
  4 giant newts
  4 kobolds
  4 rats
39 creatures vanquished.

Vanquished Creatures (collateral kills)
  2 jackals (D:2)
2 creatures vanquished.

Grand Total: 41 creatures vanquished

Notes
Turn   | Place    | Note
--------------------------------------------------------------
     0 | D:1      | mopl the Vampire Transmuter began the quest for the Orb.
     0 | D:1      | Reached XP level 1. HP: 14/14 MP: 3/3
   145 | D:1      | Reached skill level 1 in Stealth
   374 | D:1      | Reached skill level 2 in Stealth
   376 | D:1      | Reached XP level 2. HP: 5/20 MP: 5/5
   651 | D:1      | Reached skill level 1 in Short Blades
   951 | D:1      | Reached skill level 3 in Stealth
   965 | D:1      | Learned a level 2 spell: Sticks to Snakes
  1107 | D:2      | Reached XP level 3. HP: 25/25 MP: 6/6
  1144 | D:2      | Found a shattered altar of Ashenzari.
  1152 | D:2      | Became a worshipper of Ashenzari the Shackled
  1194 | D:2      | Reached skill level 2 in Short Blades
  1346 | D:2      | HP: 1/25 [adder (1)]
  2144 | D:2      | Reached skill level 4 in Stealth
  2313 | D:2      | Slain by a worm

Skill      XL: |  1  2  3 |
---------------+----------+-----
Stealth        | 2 3 4 |  4.0
Short Blades   | 1 2 |  2.6
Fighting       | |  0.8
Dodging        | |  2.1
Unarmed Combat | |  3.2
Spellcasting   | |  2.0
Transmutations | |  2.1

Action                   || total
-------------------------++-------
Melee: Dagger            ||   104
       Unarmed           ||     3
       Bite              ||     4
       Short sword       ||    26
       Punch             ||     1
 Cast: Sticks to Snakes  ||     3
  Use: Scroll            ||     1
       Potion            ||     1
 Stab: Sleeping          ||    12
  Eat: Corpse            ||     1
Armor: Robe              ||    17
Dodge: Dodged            ||    77
